 Dungeon Crawl Stone Soup version 0.28-a0-80-g9707f7362f (webtiles) character file.

Game seed: 2974661057036186193

53 ipx the Chiller (level 3, 0/19 HPs)
             Began as a Deep Elf Ice Elementalist on Aug 5, 2021.
             Slain by a water moccasin zombie (4 damage)
             ... in an ossuary.
             The game lasted 00:10:49 (792 turns).

ipx the Chiller (Deep Elf Ice Elementalist)          Turns: 792, Time: 00:10:50

Health: 0/19       AC:  8    Str:  5    XL:     3   Next: 62%
Magic:  3/9        EV: 13    Int: 20    God:
Gold:   54         SH:  0    Dex: 15    Spells: 0/8 levels left

rFire   . . .      SeeInvis .   a - +0 trident
rCold   . . .      Faith    .   (no shield)
rNeg    . . .      Spirit   .   h - +0 robe
rPois   +          Reflect  .   (no helmet)
rElec   .          Harm     .   (no cloak)
rCorr   .          Rampage  .   (no gloves)
Will    .....                   (no boots)
Stlth   ++........              (no amulet)
HPRegen 0.06/turn               p - ring of poison resistance
MPRegen 0.11/turn               (no ring)

@: ice-armoured
A: no striking features
a: no special abilities


You were in an ossuary.
You visited 1 branch of the dungeon, and saw 4 of its levels.
You also visited: Ossuary.

You collected 76 gold pieces.
You spent 22 gold pieces at shops.

Inventory:

Hand Weapons
 a - a +0 trident (weapon)
Missiles
 b - a throwing net
Armour
 h - a +0 robe (worn)
Jewellery
 p - a ring of poison resistance (left hand)
Scrolls
 d - a scroll of fear {unknown}
 e - a scroll of enchant weapon
 w - a scroll of teleportation {unknown}
Potions
 f - 2 potions of curing {unknown}
 g - a potion of ambrosia {unknown}


   Skills:
 - Level 2.9 Dodging
 - Level 2.9 Stealth
 - Level 3.3 Spellcasting
 + Level 5.4 Ice Magic


You couldn't memorise any spells.
You knew the following spells:

 Your Spells              Type           Power      Damage    Failure   Level
a - Apportation           Tloc           6%         N/A       14%         1
o - Ozocubu's Armour      Ice            24%        N/A       4%          3
r - Frozen Ramparts       Ice            48%        1d6       4%          3
z - Freeze                Ice            96%        1d11      1%          1

Your spell library contained the following spells:

 Spells                   Type           Power      Damage    Failure   Level
 Animate Skeleton         Necr           6%         N/A       14%         1
 Corona                   Hex            3%         N/A       14%         1
 Summon Small Mammal      Summ           12%        N/A       14%         1
 Hailstorm                Conj/Ice       14%        3d5       41%         4


Dungeon Overview and Level Annotations

Branches:
Dungeon (4/15)            Ossuary (1/1)
 Temple: D:4-7

Altars:

Shops:
D:1 *

Annotations:
D:2 Sigmund
D:3 exclusion: upstairs


Message History

The water moccasin zombie is moderately damaged.
The wall freezes the water moccasin zombie but does no damage.
The water moccasin zombie bites you.
The gnoll zombie resists.
The wall freezes the gnoll zombie.
The kobold zombie completely resists.
The wall freezes the kobold zombie but does no damage.
The hobgoblin zombie completely resists.
The wall freezes the hobgoblin zombie but does no damage.
The wall freezes the water moccasin zombie but does no damage.
The water moccasin zombie bites you.
The gnoll zombie resists.
The wall freezes the gnoll zombie.
You barely miss the water moccasin zombie.
The water moccasin zombie is moderately damaged.
The frozen ramparts melt away.
The water moccasin zombie bites you but does no damage.
You hit the water moccasin zombie.
The water moccasin zombie is moderately damaged.
The water moccasin zombie barely misses you.
The water moccasin zombie bites you.
* * * LOW HITPOINT WARNING * * *
You barely miss the water moccasin zombie.
The water moccasin zombie is moderately damaged.
The water moccasin zombie closely misses you.
You hit the water moccasin zombie.
The water moccasin zombie is heavily damaged.
The water moccasin zombie misses you.
The water moccasin zombie barely misses you.
You puncture the water moccasin zombie!
The water moccasin zombie is severely damaged.
The water moccasin zombie barely misses you.
The water moccasin zombie bites you but does no damage.
You hit the water moccasin zombie but do no damage.
The water moccasin zombie is severely damaged.
The water moccasin zombie bites you but does no damage.
You barely miss the water moccasin zombie.
The water moccasin zombie is severely damaged.
The water moccasin zombie barely misses you. x2
You hit the water moccasin zombie.
The water moccasin zombie is severely damaged.
The water moccasin zombie bites you.
You die...

######### ###
#∩..#...#??!?#
#...'.∩.#?[[!+
#...#...#!!!?#
#...##### ###
#.@.# ##Z##


ZZZ #.ZZ# #...# #...# #+### You could see a water moccasin zombie, a hobgoblin
zombie, 2 gnoll zombies and 2 kobold zombies.

Vanquished Creatures
  A dart slug (D:1)
  An orc (D:4)
  3 bats
  4 endoplasms
  A giant cockroach (D:1)
  5 goblins
  6 hobgoblins
  4 jackals
  A quokka (D:1)
  4 ball pythons
  2 frilled lizards (D:2)
  6 kobolds
  An orc zombie (Ossuary)
  4 rats
43 creatures vanquished.

Notes
Turn   | Place    | Note
-------+----------+-------------------------------------------
     0 | D:1      | ipx the Deep Elf Ice Elementalist began the quest for the
                  | Orb.
     0 | D:1      | Reached XP level 1. HP: 10/10 MP: 6/6
    72 | D:1      | Reached XP level 2. HP: 15/15 MP: 4/8
   212 | D:1      | Found Hucaegh's Assorted Antiques.
   219 | D:1      | Bought a scroll labelled GEM AFFEOWENIU for 22 gold pieces
   378 | D:1      | Reached XP level 3. HP: 10/19 MP: 3/9
   382 | D:1      | Learned a level 3 spell: Frozen Ramparts
   386 | D:1      | Learned a level 3 spell: Ozocubu's Armour
   436 | D:2      | Reached skill level 5 in Ice Magic
   501 | D:2      | Noticed Sigmund
   666 | D:3      | Learned a level 1 spell: Apportation
   749 | D:4      | Found a sand-covered staircase.
   756 | Ossuary  | Entered an ossuary
   792 | Ossuary  | Slain by a water moccasin zombie

Illustrated notes

Levels and vault maps discovered:
D:1:      minmay_arrival_four_circles, layout_loops_ring,
          hellmonk_ecumenical_altar_heavens_door, serial_shops, shop
D:2:      minmay_wonky_spiral, layout_basic, uniq_sigmund, uniq_robin
D:3:      layout_basic
D:4:      layout_gridville, enter_ossuary_4, chequers_serial_rivers_large_a,
          minmay_misc_feat_square, chequers_serial_rivers_small_3
Ossuary:  ossuary_tomb_2

Skill      XL: |  1  2  3 |
---------------+----------+-----
Ice Magic      | 5 |  5.4
Dodging        | |  2.9
Stealth        | |  2.9
Spellcasting   | |  3.3

Action                   || total
-------------------------++-------
Melee: Trident           ||    16
 Cast: Freeze            ||    50
       Frozen Ramparts   ||     5
       Ozocubu's Armour  ||     3
  Use: Scroll            ||     1
Armor: Robe              ||    14
Dodge: Dodged            ||    32

Table legend: (Time is in decaauts)
 A = Elapsed time spent in this place.
 B = Non-inter-level travel time spent in this place.
 C = Inter-level travel time spent in this place.
 D = Time resting spent in this place.
 E = Time spent auto-exploring this place.
 F = Levels seen in this place.
 G = Mean time per level.
                   A        B        C        D        E       F      G
               +--------+--------+--------+--------+--------+-----+--------+
         Total |    817 |    817 |      0 |      0 |      0 |   5 |  163.4 |
       Dungeon |    774 |    774 |      0 |      0 |      0 |   4 |  193.5 |
       Ossuary |     43 |     43 |      0 |      0 |      0 |   1 |   43.0 |
               +--------+--------+--------+--------+--------+-----+--------+

Top non-repeatable levels by time:
     D:1: 319 daAuts
     D:2: 196 daAuts
     D:3: 180 daAuts
     D:4: 77 daAuts
 Ossuary: 43 daAuts
